 Dungeon Crawl Stone Soup version 0.26.0-10-g1f06aea511 (webtiles) character file.

Game seed: 6142446212124650298

10455 tv1990 the Cleaver (level 11, -50/90 HPs)
             Began as a Formicid Monk on Jan 14, 2021.
             Was a High Priest of Okawaru.
             Annihilated by a boulder beetle (52 damage)
             ... on level 2 of the Lair of Beasts.
             The game lasted 00:28:59 (14088 turns).

tv1990 the Cleaver (Formicid Monk)                 Turns: 14088, Time: 00:29:00

Health: -50/90     AC: 17    Str: 18    XL:     11   Next: 93%
Magic:  15/15      EV:  7    Int: 11    God:    Okawaru [*****.]
Gold:   525        SH:  0    Dex: 13    Spells: 10/10 levels left

rFire    . . .     SeeInvis +   d - +1 battleaxe (freeze)
rCold    . . .     Faith    +   (no shield)
rNeg     + . .     Spirit   .   v - +0 plate armour
rPois    .         Reflect  .   (helmet unavailable)
rElec    .         Harm     .   F - +0 cloak {Will+}
rCorr    .         Rampage  .   (no gloves)
Will     ++...                  p - +0 pair of boots
Stlth    ..........             n - amulet of faith
HPRegen  0.25/turn              m - ring of positive energy
MPRegen  0.14/turn              H - ring of flight

@: no status effects
A: permanent stasis, dig shafts and tunnels, four strong arms, antennae 3
a: Dig, Shaft Self, Renounce Religion, Evoke Flight, Heroism, Finesse


You were on level 2 of the Lair of Beasts.
You worshipped Okawaru.
Okawaru was extremely pleased with you.
You visited 3 branches of the dungeon, and saw 12 of its levels.

You collected 525 gold pieces.

Inventory:

Hand Weapons
 a - a +0 hand axe
 d - a +1 battleaxe of freezing (weapon)
 f - a +2 whip of freezing
 r - a +0 flail
 J - the cursed +3 whip of Crusades {freeze, +Inv rC+, unknown}
   (You found it on level 2 of the Lair of Beasts)

   It has been specially enchanted to freeze those struck by it, causing extra
   injury to most foes and up to half again as much damage against particularly
   susceptible opponents.
   It can also slow down cold-blooded creatures.
   It protects you from cold.
   It lets you turn invisible.
   It has a curse placed upon it.
Missiles
 j - 36 poisoned darts (quivered)
 u - 8 datura-tipped darts
Armour
 b - a +0 robe
 g - a +0 chain mail
 i - a +0 ring mail
 p - a +0 pair of boots (worn)
 t - a +1 chain mail of poison resistance
 v - a +0 plate armour (worn)
 F - a +0 cloak of willpower (worn)
Jewellery
 m - a ring of positive energy (left hand)
 n - an amulet of faith (around neck)
 x - an uncursed ring of teleportation
 H - a ring of flight (right hand)
Wands
 w - a wand of acid (19)
 D - a wand of flame (20)
Scrolls
 e - 6 scrolls of remove curse
 o - a scroll of immolation
 y - a scroll of summoning {unknown}
 z - 2 scrolls of identify
 A - a scroll of fog
 B - a scroll of enchant weapon
 C - a scroll of magic mapping
Potions
 c - 2 potions of brilliance
 h - 4 potions of curing
 k - a potion of degeneration
 l - a potion of berserk rage
 q - 2 potions of flight
 s - a potion of haste
 E - 2 potions of heal wounds {unknown}
 G - a potion of cancellation {unknown}
 I - a potion of mutation {unknown}


   Skills:
 + Level 9.8 Fighting
 * Level 12.2 Axes
 + Level 9.2 Armour
 + Level 3.9 Dodging
 - Level 2.4 Stealth
 - Level 6.0 Invocations


You had 10 spell levels left.
You didn't know any spells.
Your spell library contained the following spells:

 Spells                   Type           Power        Failure   Level
 Beastly Appendage        Tmut           0%           100%        1
 Freeze                   Ice            0%           100%        1
 Sandblast                Erth           0%           100%        1
 Shock                    Conj/Air       0%           100%        1
 Passwall                 Tmut/Erth      0%           100%        2
 Wereblood                Tmut           0%           100%        2
 Frozen Ramparts          Ice            0%           100%        3
 Ozocubu's Armour         Ice            0%           100%        3
 Spider Form              Tmut/Pois      0%           100%        3
 Static Discharge         Conj/Air       0%           100%        3
 Stone Arrow              Conj/Erth      0%           100%        3
 Airstrike                Air            0%           100%        4
 Hailstorm                Conj/Ice       0%           100%        4
 Ice Form                 Ice/Tmut       0%           100%        4
 Petrify                  Tmut/Erth      0%           100%        4
 Summon Ice Beast         Ice/Summ       0%           100%        4
 Blade Hands              Tmut           0%           100%        5
 Lee's Rapid Deconstruct  Erth           0%           100%        5
 Lightning Bolt           Conj/Air       0%           100%        5
 Swiftness                Air            Unusable     N/A         2

Dungeon Overview and Level Annotations

Branches:
Dungeon (9/15)             Temple (1/1) D:6            Lair (2/6) D:8
  Swamp: Lair:2-4    Shoals: Lair:2-4     Snake: Lair:2-4    Spider: Lair:2-4
    Orc: D:9-12

Altars:
Ashenzari
Cheibriados
Dithmenos
Elyvilon
Fedhas
Hepliaklqana
Makhleb
Okawaru
Qazlal
Ru
Sif Muna
Uskayaw
Vehumet
Wu Jian
Zin
The Shining One

Shops:
D:7 }

Annotations:
D:3 2 transporters, theswoord's ghost, amateur DsMo
Lair:1 2 transporters, Ceckukk's ghost, journeyman GrEE


Innate Abilities, Weirdness & Mutations

You cannot be hasted, slowed, berserked, paralysed or teleported.
You can dig through walls and to a lower floor.
Your four strong arms can wield two-handed weapons with a shield.
You have a pair of large antennae on your head. (SInv)


Message History

You feel better.
You feel like a meek peon again. The boulder beetle bites you!
* * * LOW HITPOINT WARNING * * *
Okay, then.
Unknown command.
Press: ? - help, v - describe, . - travel
Here: a boulder beetle (severely wounded)
The floor.
Unknown command.
The boulder beetle curls into a ball and begins rolling!
Press: ? - help, v - describe, . - travel
Here: a boulder beetle (severely wounded)
The floor.
Unknown command.
You extend your mandibles.
You dig through the rock wall.
You dig through the rock wall.
The boulder beetle hits you!!!
Ouch! That really hurt!
You die...

######....# #...# #..# #..
.........## #'''# #P.####..
###P......# ####(# #........
.###......# ##...## ##....... ##
##....## #.B### ##.......
#####....# ##.○[## #........
##PP#.(..## ###○.#### #........
.......[..# #B#....## ##.......
.........## ##@.###.# #.......#
.........# ###...# #.......#
.........# #'### #.<....##
....>....##### ###.## ####......#
.............###....###..#.....P#
##.###.#.......................##
#..# #####......#.###.###.......#
#..# ##.##.....##.##.## #........
#P.# #.#.#.....P#####.# ##.####..


You could see a boulder beetle.

Vanquished Creatures
  A boulder beetle (Lair:2)
  Pikel (D:8)
  A black mamba (Lair:1)
  4 cane toads
  A rime drake (Lair:1)
  3 komodo dragons
  2 jumping spiders (Lair:2)
  3 blink frogs (Lair:2)
  A redback (Lair:2)
  A wyvern (Lair:1)
  6 yaks (Lair:1)
  A basilisk (Lair:2)
  Menkaure (D:4)
  2 wargs (D:8)
  2 water moccasins
  2 ice beasts (D:6)
  3 sky beasts
  6 orc warriors
  3 ogres
  2 black bears (D:8)
  A phantom (D:5)
  A centaur (D:7)
  2 lemures (D:8)
  2 gnoll sergeants
  4 bullfrogs
  4 scorpions
  A howler monkey (D:3)
  4 wights (D:7)
  A bullfrog zombie (D:5)
  A crimson imp (D:4)
  A quasit (D:8)
  3 hounds
  2 jellies
  5 orc priests
  A bullfrog skeleton (D:5)
  A centaur skeleton (D:7)
  15 orc wizards
  9 worker ants
  2 hound zombies
  A worker ant zombie (D:7)
  Robin (D:3)
  11 gnolls
  6 adders
  4 shadow imps
  4 white imps
  3 ufetubi
  An ooze (D:1)
  2 adder zombies (D:5)
  2 worms
  3 dart slugs
  5 leopard geckos
  38 orcs
  A ball python (D:1)
  7 giant cockroaches
  28 goblins
  16 hobgoblins
  6 jackals
  7 quokkas
  7 bats
  3 frilled lizards
  4 goblin skeletons (D:4)
  A goblin zombie (D:4)
  A hobgoblin zombie (D:4)
  A jackal skeleton (D:7)
  10 kobolds
  A kobold skeleton (D:4)
  A leopard gecko skeleton (D:6)
  An orc skeleton (D:4)
  An orc zombie (D:4)
  9 rats
292 creatures vanquished.

Vanquished Creatures (others)
  10 fungi
  6 plants
16 creatures vanquished.

Grand Total: 308 creatures vanquished

Notes
Turn   | Place    | Note
-------+----------+-------------------------------------------
     0 | D:1      | tv1990 the Formicid Monk began the quest for the Orb.
     0 | D:1      | Reached XP level 1. HP: 18/18 MP: 1/1
   266 | D:1      | Reached XP level 2. HP: 24/24 MP: 2/2
   567 | D:1      | Reached skill level 1 in Armour
   704 | D:1      | Reached XP level 3. HP: 29/29 MP: 3/3
  1258 | D:2      | Reached XP level 4. HP: 37/37 MP: 4/4
  1349 | D:2      | Reached skill level 4 in Axes
  1464 | D:2      | Found a shimmering blue altar of Sif Muna.
  1771 | D:3      | Found a faded altar of an unknown god.
  1812 | D:3      | Reached XP level 5. HP: 37/42 MP: 5/5
  2054 | D:3      | Noticed Robin
  2092 | D:3      | Killed Robin
  2273 | D:3      | Noticed theswoord's ghost (amateur DsMo)
  2274 | D:3      | Found a transporter.
  2351 | D:3      | Found a burning altar of Makhleb.
  2352 | D:3      | Found a shadowy altar of Dithmenos.
  2353 | D:3      | Found a stormy altar of Qazlal.
  2354 | D:3      | Found a white marble altar of Elyvilon.
  2356 | D:3      | Found an ornate altar of the Wu Jian Council.
  2534 | D:3      | Found a hazy altar of Hepliaklqana.
  2616 | D:3      | Found a transporter.
  2744 | D:3      | Reached skill level 5 in Axes
  2744 | D:3      | Reached XP level 6. HP: 28/49 MP: 6/6
  3561 | D:4      | Noticed an orc warrior
  3568 | D:4      | Killed an orc warrior
  3569 | D:4      | Reached XP level 7. HP: 38/55 MP: 7/7
  3573 | D:4      | Reached skill level 5 in Fighting
  3702 | D:4      | Found a glowing golden altar of the Shining One.
  3902 | D:4      | Reached skill level 6 in Axes
  4133 | D:4      | Noticed Menkaure
  4136 | D:4      | Killed Menkaure
  4528 | D:4      | Reached XP level 8. HP: 62/63 MP: 8/8
  4984 | D:4      | Found a blossoming altar of Fedhas.
  5030 | D:4      | Reached skill level 7 in Axes
  5227 | D:5      | Entered Level 5 of the Dungeon
  5586 | D:5      | Reached skill level 5 in Armour
  6245 | D:6      | Found a staircase to the Ecumenical Temple.
  6293 | D:6      | Reached skill level 8 in Axes
  6293 | D:6      | Reached XP level 9. HP: 30/71 MP: 9/9
  6307 | Temple   | Entered the Ecumenical Temple
  6541 | Temple   | Became a worshipper of Warmaster Okawaru
  6541 | Temple   | Reached * piety under Okawaru
  6541 | Temple   | Reached ** piety under Okawaru
  6719 | D:6      | Reached skill level 1 in Invocations
  7753 | D:7      | Reached *** piety under Okawaru
  7898 | D:7      | Reached skill level 9 in Axes
  7987 | D:7      | Found a flagged portal.
  8229 | D:7      | Reached XP level 10. HP: 71/79 MP: 13/13
  8269 | D:7      | Found Yxaih's Gadget Boutique.
  8590 | D:7      | Reached skill level 5 in Invocations
  8734 | D:8      | Found a hide-covered altar of Uskayaw.
  8738 | D:8      | Found a snail-covered altar of Cheibriados.
  8743 | D:8      | Found a broken altar of Ashenzari.
  9173 | D:8      | Found a staircase to the Lair.
  9173 | D:8      | Noticed Pikel
  9202 | D:8      | Killed Pikel
  9202 | D:8      | Reached **** piety under Okawaru
  9203 | D:8      | Reached skill level 10 in Axes
  9826 | D:8      | Reached ***** piety under Okawaru
 10693 | Lair:1   | Entered Level 1 of the Lair of Beasts
 11019 | Lair:1   | Noticed a komodo dragon
 11023 | Lair:1   | Killed a komodo dragon
 11119 | Lair:1   | Noticed a komodo dragon
 11126 | Lair:1   | Killed a komodo dragon
 11177 | Lair:1   | Noticed a cane toad
 11179 | Lair:1   | Noticed a cane toad
 11186 | Lair:1   | Killed a cane toad
 11187 | Lair:1   | Reached XP level 11. HP: 33/87 MP: 12/15
 11188 | Lair:1   | Reached skill level 11 in Axes
 11512 | Lair:1   | Found a transporter.
 11628 | Lair:1   | Found a transporter.
 11630 | Lair:1   | Noticed Ceckukk's ghost (journeyman GrEE)
 11632 | Lair:1   | Noticed an eight-headed hydra
 11690 | Lair:1   | Received a gift from Okawaru
 12988 | Lair:2   | Reached skill level 12 in Axes
 13203 | Lair:2   | Found a runed translucent door.
 14048 | Lair:2   | Got a crystal whip
 14053 | Lair:2   | Noticed a boulder beetle
 14054 | Lair:2   | Noticed a boulder beetle
 14078 | Lair:2   | Killed a boulder beetle
 14083 | Lair:2   | HP: 1/90 [boulder beetle (17)]
 14088 | Lair:2   | Annihilated by a boulder beetle

Skill      XL: |  1  2  3  4  5  6  7  8  9 10 11 |
---------------+----------------------------------+-----
Armour         | 1 2 3 4 5 6 7 9 |  9.2
Axes           | 4 5 6 8 9 10 12 | 12.2
Fighting       | 4 5 6 7 8 9 |  9.8
Invocations    | 4 6 |  6.0
Dodging        | 3 |  3.9
Stealth        | |  2.4

Action                   |  1- 3 |  4- 6 |  7- 9 | 10-12 || total
-------------------------+-------+-------+-------+-------++-------
Melee: Hand axe          |    23 |       |       |       ||    23
       Whip              |    57 |   263 |     4 |       ||   324
       Battleaxe         |       |       |   351 |   298 ||   649
       Punch             |       |       |       |     1 ||     1
Throw: Dart              |       |     5 |     4 |    13 ||    22
Invok: Heroism           |       |       |       |     7 ||     7
 Abil: Dig               |     1 |     7 |     9 |     7 ||    24
Evoke: Wand              |       |       |       |     2 ||     2
  Use: Scroll            |     3 |    10 |     5 |     1 ||    19
       Potion            |       |     2 |     1 |     5 ||     8
 Stab: Sleeping          |     4 |     1 |       |       ||     5
       Invisible         |       |       |     2 |       ||     2
Armor: Robe              |     2 |       |       |       ||     2
       Ring mail         |     9 |    67 |       |       ||    76
       Chain mail        |       |       |   102 |       ||   102
       Plate armour      |       |       |    80 |   162 ||   242
Dodge: Dodged            |    36 |   136 |   118 |    82 ||   372

Levels and vault maps discovered:
D:1:      ncdulo_watergridlock, layout_loops_ring,
          chequers_serial_rivers_micro_d
D:2:      layout_loops_ring, old_standard_altar
D:3:      kennysheep_goblin_castle, layout_loops_ring, marbit_many_paths,
          minitemple, chequers_ecumenical_altar_simple, gammafunk_ghost_arena
D:4:      minmay_spotlight, layout_basic, fedhas_altar_4,
          nicolae_tso_besieged_by_evil, uniq_menkaure
D:5:      layout_gridville, st_stairs_4, kennysheep_generic_room_15
D:6:      layout_loops_corners, temple_green
D:7:      layout_loops_ring, enter_bailey_3, serial_shops, shop
D:8:      layout_loops_corners, minmay_overflow_temple_star_quad,
          erik_lair_orcish_takeover, uniq_pikel
D:9:      layout_basic, ebering_ghost_inner_flame, uniq_psyche, uniq_erolcha
Temple:   cyrus_temple_forest
Lair:1:   layout_regular_city, gammafunk_ghost_arena
Lair:2:   gammafunk_indiana_jones, layout_chaotic_city
